[Event "Pro Chess League 2023"]
[Site "Chess.com"]
[Date "2023.02.28"]
[Round "2"]
[White "Santos Latasa, Jaime"]
[Black "Moradiabadi, Elshan"]
[Result "1-0"]
[WhiteElo "2657"]
[BlackElo "2507"]
[ECO "C47"]
[EventDate "2023.??.??"]
[Annotator "rafael"]
[PlyCount "69"]
[Beauty "8044209252439"]
[EventType "schev"]
[EventRounds "3"]
[TimeControl "300+2"]

1.e4 e5 2.Nf3 Nc6 3.Nc3 Nf6 4.h3 {A funny move, but if we consider that Carlsen has played 4.a4 here, this one is not so exotic. I imagine the idea is to see how Black will develop. If he plays 4...d5, then the white bishop soon goes to b5, and Black doesn't have the option of Bg4. If 4...Bc5, then White can play 5.Nxe5. 4...Be7 is too passive.} 4...Bb4 {The natural try.} ( 4...d5 5.exd5 Nxd5 6.Bb5 ) ( 4...Bc5 5.Nxe5 $1 Nxe5 6.d4 Bd6 7.dxe5 Bxe5 8.Bd3 {with advantage for White.} ) 5.a3 {Not the most popular move, but it has been played a few times by Spanish GM Vallejo Pons. Maybe he studied it with his countryman $2} ( 5.Nd5 Nxd5 6.exd5 e4 7.dxc6 exf3 8.Qxf3 dxc6 9.Bc4 O-O {was equal in Antipov-Praggnanandhaa, Airthings Masters (rapid) 2023.} ) 5...Bxc3 6.dxc3 d6 ( 6...Nxe4 $1 {[%c_effect e4;square;e4;type;GreatFind;persistent;true] is the critical move.} 7.Nxe5 Nxe5 8.Qd4 O-O 9.Qxe4 Re8 ( 9...d5 $1 {[%c_effect d5;square;d5;type;GreatFind;persistent;true] is more accurate.} ) 10.Be3 d5 11.Qf4 {White had a slight advantage in Martinez Alcantara-Alekseenko, Chess.com (rapid) 2022.} ) 7.Bd3 {Now White has the pair of bishops and a comfortable position. It may not seem like much, but it's better than nothing.} 7...h6 {Played in order to avoid the pin with Bg5 or the move Ng5 if the bishop goes to e6.} 8.Qe2 Ne7 $6 ( 8...Be6 {It's possible to develop the pieces with this natural move.} 9.Be3 Qd7 {Preparing to castle on the queenside.} ) 9.Be3 a6 10.O-O-O Ng6 11.Nd2 Qe7 12.g3 $1 {[%c_effect g3;square;g3;type;GreatFind;persistent;true] It turns out the knight is not well placed on g6. White prepares f2-f4.} 12...b5 $6 ( 12...Bd7 13.f4 Bc6 {This is more solid, although Black's position is very unpleasant.} ) 13.c4 ( 13.f4 {is tempting.} 13...Bb7 14.f5 Nf8 15.c4 {with a clear advantage.} ( 15.g4 {This one is also good.} ) ) 13...c6 ( 13...bxc4 {is the best chance, at least opening a file and gaining time to develop.} ) 14.f4 Rb8 15.c5 $5 {[%c_effect c5;square;c5;type;Interesting;persistent;true] A creative move.} ( 15.f5 {is simple and good.} 15...Nf8 16.g4 {followed by the advance of the kingside pawns with an overwhelming advantage.} ) 15...dxc5 16.Qf2 c4 17.Bc5 $1 {[%c_effect c5;square;c5;type;GreatFind;persistent;true] This is the idea. This bishop prevents the black king from castling.} 17...Qc7 18.Be2 Nd7 ( 18...exf4 {After this move, White continues to pour gasoline on the fire with} 19.e5 $1 {[%c_effect e5;square;e5;type;GreatFind;persistent;true] with a strong initiative, for instance:} 19...fxg3 ( 19...Qxe5 $6 20.Rhe1 fxg3 21.Qg1 {with a decisive attack.} ) 20.Qxg3 Qxe5 21.Qf2 $1 {[%c_effect f2;square;f2;type;GreatFind;persistent;true] with a strong attack.} ( 21.Qxe5+ {This is also possible, but exchanging queens in a such position brings tears to the attacking eyes.} 21...Nxe5 22.Bd6 Ned7 23.Rhe1 $1 ) ) 19.Bh5 $2 {[%c_effect h5;square;h5;type;Mistake;persistent;true] This is a mistake, and now Black's position is defensible.} ( 19.f5 $1 {[%c_effect f5;square;f5;type;GreatFind;persistent;true] is stronger.} 19...Nxc5 20.Qxc5 Ne7 21.Rhf1 O-O 22.g4 {White just pushes the pawns, and it's difficult for Black to untangle his pieces. This is hard to judge, but it's easier when I see the engine's evaluation.} ) 19...Nxc5 20.Qxc5 Ne7 $2 {[%c_effect e7;square;e7;type;Mistake;persistent;true] This loses.} ( 20...Qb6 $1 {[%c_effect b6;square;b6;type;GreatFind;persistent;true] saves the day, as White can't escape a queen exchange after} 21.Qd6 c5 $1 {[%c_effect c5;square;c5;type;GreatFind;persistent;true] with a balanced position.} ) 21.Nf3 $1 exf4 22.Ne5 $1 {[%c_effect e5;square;e5;type;GreatFind;persistent;true] Santos Latasa conducts the initiative with great precision from now on.} 22...g6 ( 22...O-O 23.gxf4 {There's a nice winning variation after:} 23...f6 24.Nd7 $1 Bxd7 25.Qxe7 Qxf4+ 26.Kb1 Be8 27.Rhg1 Bf7 28.Rd7 {and the attack decides.} ) 23.Bg4 $1 {[%c_effect g4;square;g4;type;GreatFind;persistent;true] The exchange of bishops highlights the weakness of the d7-square that can be used by a rook or a knight.} 23...Qb6 ( 23...O-O 24.Bxc8 Nxc8 ( 24...Rbxc8 25.Rd7 ) 25.Nd7 {wins material.} ) 24.Qd6 c5 25.Bd7+ Kf8 26.Bc6 ( 26.Nxg6+ {is also winning after} 26...fxg6 27.Qxf4+ Kg7 28.Rhf1 ) 26...b4 27.Nxg6+ $1 Kg7 ( 27...fxg6 28.Qf6+ Kg8 29.Qxe7 Qxc6 30.Rd8+ ) 28.Nxe7 ( 28.Qe5+ {is also good.} 28...Kxg6 29.Rd6+ Kh7 30.Rxh6+ $1 Kxh6 31.Qxh8+ Kg6 32.gxf4 Qxc6 33.Rg1+ Bg4 34.Rxg4# ) 28...bxa3 29.Qe5+ f6 30.Nf5+ Kg6 ( 30...Bxf5 31.Qe7+ Kg6 32.exf5+ $18 ) 31.Nh4+ ( 31.Be8+ {is a quicker way to deliver mate.} ) 31...Kf7 32.Bd5+ Kf8 33.Ng6+ Kg7 34.Qe7+ Kxg6 35.Qf7+ {A very good attacking game by Santos Latasa.} ( 35.Qf7+ Kg5 36.Qg7+ Kh5 37.Bf7# ) 1-0

[Event "Pro Chess League Main Event 2023 Week 1"]
[Site "Chess.com"]
[Date "2023.02.24"]
[Round "4"]
[White "Nakamura, Hikaru"]
[Black "Shankland, Samuel L"]
[Result "1-0"]
[WhiteElo "2768"]
[BlackElo "2710"]
[ECO "B50"]
[EventDate "2023.??.??"]
[Annotator "rafael"]
[PlyCount "83"]
[Beauty "7563034760201"]
[EventType "team-tourn"]
[TimeControl "300+2"]

1.e4 c5 2.Nf3 d6 3.c3 Nf6 4.Bd3 {This is not the most popular of the Anti-Sicilians, but it still has close to 5,000 games in my database. White's idea is simple: the bishop goes back to c2 and then the d-pawn will be advanced one or two squares. The problem with this variation is that Black manages to develop the pieces without any problems, so it's not difficult to equalize.} 4...Nc6 5.Bc2 Bg4 6.d3 e6 7.Nbd2 Qc7 ( 7...Be7 {is the most played move, but Shankland has aggressive intentions. He wants to send the king to the queenside.} ) 8.h3 Bh5 9.Qe2 Be7 10.Nf1 O-O-O $5 {[%c_effect c8;square;c8;type;Interesting;persistent;true] A bold move. 10...d5 or 10...0-0 is safer.} ( 10...d5 ) ( 10...O-O ) 11.Ng3 Bg6 12.O-O d5 {We have a double-edged position on the board. Positions with kings on opposite sides are always tense.} 13.Nh4 {This is not an easy move. Nakamura prepares to capture the bishop on g6, even though this opens up the h-file. Another option is to release the central tension, but Black has no problems after} ( 13.e5 Nd7 14.d4 Bxc2 15.Qxc2 Kb8 {The black king is relatively safe, and the pawn structure is typical of the French Defense but with the light-squared bishop already exchanged.} ) 13...Kb8 ( 13...Nxe4 $2 {[%c_effect e4;square;e4;type;Mistake;persistent;true] That's a move to keep an eye on, but here it doesn't work.} 14.Nxg6 Nxg3 15.Nxe7+ ) 14.Nxg6 ( 14.f4 $2 Nxe4 $1 ) 14...hxg6 15.Ba4 $1 {[%c_effect a4;square;a4;type;GreatFind;persistent;true] A nice move, activating the bishop.} 15...d4 $6 {[%c_effect d4;square;d4;type;Inaccuracy;persistent;true] The wrong way to define the situation in the center.} ( 15...dxe4 $1 {[%c_effect e4;square;e4;type;GreatFind;persistent;true] is better:} 16.dxe4 ( 16.Nxe4 Ne5 {is also ok.} ) 16...Ne5 {With the idea of playing c4 followed by Nd3.} ) 16.c4 ( 16.Bxc6 $1 {[%c_effect c6;square;c6;type;GreatFind;persistent;true] is more accurate:} 16...Qxc6 17.cxd4 $1 Rxd4 ( 17...cxd4 18.Bf4+ Ka8 19.Rfc1 {White has a clear advantage.} ) 18.Be3 Rd7 19.Rfc1 {With the idea of playing Rc4-Rac1 and later a break with d4 or b4 with some pressure.} ) 16...Nd7 17.f4 Ka8 ( 17...Bh4 $5 ) ( 17...e5 18.f5 $14 ) 18.e5 $1 {[%c_effect e5;square;e5;type;GreatFind;persistent;true] White has time to prepare the activation of the knight via e4.} 18...Nb6 19.Bd1 $6 ( 19.Bxc6 $1 {[%c_effect c6;square;c6;type;GreatFind;persistent;true] It's generally difficult to evaluate the exchange of a bishop for a knight, but here the idea would be a good one. White buys time to finish the development and without the knight on c6, it's easier to prepare the b2-b4 break.} 19...Qxc6 20.Bd2 ) 19...g5 $6 {[%c_effect g5;square;g5;type;Inaccuracy;persistent;true] Shankland correctly judges that it's necessary to advance the pawns on the kingside, but the execution of the plan is not the best.} ( 19...f5 $1 {[%c_effect f5;square;f5;type;GreatFind;persistent;true] 19...f6 is the same.} 20.exf6 gxf6 21.Qxe6 f5 {An interesting pawn sacrifice to start the kingside attack.} 22.Qe2 Bh4 23.Qf3 Rdg8 {With good compensation. The idea is to pass the queen to h7 and then break through with g6-g5.} ) 20.fxg5 $1 Nxe5 21.Bf4 Bd6 22.Ne4 $1 Nexc4 {The only move; of course, Nakamura had seen this.} 23.Nxd6 Nxd6 24.Bb3 ( 24.g6 $5 {[%c_effect g6;square;g6;type;Interesting;persistent;true] is an interesting move to disrupt the kingside.} 24...Nd5 ( 24...fxg6 25.Qxe6 ) 25.Bxd6 Qxd6 26.Rxf7 Ne3 27.Qf3 {White maintains the advantage.} ) 24...Nd5 $2 {[%c_effect d5;square;d5;type;Mistake;persistent;true] After this move White has a nearly winning advantage.} ( 24...Rhe8 {is better.} ) 25.Bxd5 $1 exd5 26.Qe5 $1 {[%c_effect e5;square;e5;type;GreatFind;persistent;true] Either the d5 pawn or the g7 pawn will fall.} 26...Qc6 ( 26...g6 {is not an improvement. The bishop is very strong, and the f7-pawn is weak.} 27.Qxd5 ) 27.Qxg7 Nf5 28.Qxf7 Rhf8 29.Qc7 Qb5 30.Bd6 $1 {[%c_effect d6;square;d6;type;GreatFind;persistent;true] Simplifying the position. Now the passed pawns on the kingside will be fatal.} 30...Nxd6 ( 30...Rc8 $2 31.Rxf5 $1 {[%c_effect f5;square;f5;type;GreatFind;persistent;true] wins material.} ) 31.Rxf8 Rxf8 32.Qxd6 Re8 33.Rf1 Qxd3 34.Rf8 Qe3+ 35.Kh2 a6 36.g6 Rxf8 37.Qxf8+ Ka7 38.Qxc5+ Ka8 39.Qd6 {Avoiding unpleasant checks.} 39...Qg5 40.Qf8+ Ka7 41.Qc5+ {Nakamura takes the safer route.} ( 41.g7 {is also winning.} 41...Qe5+ 42.Kg1 Qe1+ ( 42...Qe3+ 43.Qf2 ) 43.Qf1 ) 41...Ka8 42.Qxd4 ( 42.Qxd4 Qxg6 43.Qxd5 $18 ) 1-0

[Event "Romanian Chess Championship 2023"]
[Site "Chess.com"]
[Date "2023.02.23"]
[Round "6"]
[White "Szabo, Gergely Andras"]
[Black "Stepanencu, Nicodim Cosmin"]
[Result "1-0"]
[WhiteElo "2514"]
[BlackElo "2283"]
[ECO "B12"]
[EventDate "2023.??.??"]
[Annotator "rafael"]
[PlyCount "85"]
[Beauty "7493513974362"]
[EventType "game"]
[TimeControl "5400+30"]

1.e4 c6 2.d4 d5 3.e5 Bf5 4.h4 {This is a very popular system against the Caro-Kann these days.} 4...h5 {This is the best answer, stopping the advance of the white pawns.} ( 4...h6 5.g4 Bd7 6.h5 {White's space advantage on the kingside has proved unpleasant.} ) 5.Bd3 Bxd3 6.Qxd3 Qa5+ 7.Nd2 ( 7.b4 $5 {[%c_effect b4;square;b4;type;Interesting;persistent;true] is a bold sacrifice that has been tried by very strong players.} ) 7...e6 8.Nf3 Nh6 9.O-O Nf5 {It's necessary to improve White's game in the next moves, since Black will manage to solve all the opening problems.} 10.c4 $6 ( 10.Nb3 $1 {[%c_effect b3;square;b3;type;GreatFind;persistent;true] is a better attempt. A recent game followed:} 10...Qb5 11.Qd1 c5 12.dxc5 Bxc5 13.a4 Qc6 {Praggnanandhaa-Carlsen, Meltwater Tour (rapid) 2022. Here 14.Bg5 gives White the advantage.} ) 10...Be7 {That's the problem: now White has to waste time defending the h4-pawn.} 11.g3 O-O 12.b3 $6 {[%c_effect b3;square;b3;type;Inaccuracy;persistent;true] It's better to prepare the advance b4 to hinder the move c6-c5, as we will see in the game.} ( 12.a3 $1 ) 12...Rd8 13.Rd1 ( 13.Bb2 c5 {is also fine for Black.} ) 13...c5 {This is a dream position for Black after the opening. This is a pawn structure that we often see in the French Defense, with the difference that here the light-squared bishop has already been exchanged.} 14.dxc5 $6 {[%c_effect c5;square;c5;type;Inaccuracy;persistent;true] A new move, but this makes things worse.} ( 14.Bb2 {was played in Villegas-Fiorito, Buenos Aires 2022.} 14...Nc6 {with a clear advantage for Black.} ) ( 14.cxd5 {is the lesser evil.} 14...Rxd5 15.Nc4 Qa6 16.Bg5 $1 {[%c_effect g5;square;g5;type;GreatFind;persistent;true] The d4-pawn is sacrificed but there are some attacking chances.} ( 16.Ne3 Qxd3 17.Rxd3 Nxe3 18.fxe3 {with a clear positional advantage for Black in Zha-Meiwes, Willingen 2022.} ) ) 14...Qxc5 $6 ( 14...Nc6 $1 {[%c_effect c6;square;c6;type;GreatFind;persistent;true] is better. White's position is already near collapse.} 15.Bb2 Bxc5 ) 15.Nf1 $6 ( 15.Bb2 ) 15...dxc4 $2 {[%c_effect c4;square;c4;type;Mistake;persistent;true] Stepanencu cannot resist the temptation to gain material, but this is a conceptually bad decision. It's clear that White has compensation for the queen after the forced sacrifice, but not only that: now the character of the game changes and chaos reigns on the board, with black's king in great danger. This could be avoided with the natural 15...Nc6, which would conserve a positional advantage without risk.} ( 15...Nc6 $1 ) 16.Qxd8+ {This is a consequence of White's last move.} 16...Bxd8 17.Rxd8+ Kh7 {White has rook and bishop against queen and pawn. The compensation is clear, as the knight on b8 is pinned and the black king is in danger. Objectively neither side has the advantage (at least that's what the computer believes), but in practice, I prefer to play with White here.} 18.Ne3 $2 ( 18.bxc4 {is better. A possible sequence is:} 18...Qc7 19.Rf8 Qc5 20.Ng5+ ( 20.Rxf7 $6 Nc6 ) ( 20.Rd8 Qc7 {with a strange draw.} ) 20...Kg6 21.Rh8 Qxe5 22.Rb1 {with a sharp game.} ) 18...Qa5 $1 {[%c_effect a5;square;a5;type;GreatFind;persistent;true] Threatening the rook on d8 and preparing to capture on b3.} ( 18...Nxe3 19.Bxe3 Qa5 20.Rad1 {with good compensation.} ) 19.Ng5+ Kg6 20.Ng2 $1 {[%c_effect g2;square;g2;type;GreatFind;persistent;true] A brilliant and desperate resource.} 20...Nxg3 $2 {[%c_effect g3;square;g3;type;Mistake;persistent;true] A smart move. Too smart, to be honest. Black needs to release the f5-square to the king, but there's a better way to do this.} ( 20...Qxd8 $2 21.Nf4+ Kh6 22.Nxf7+ Kh7 23.Nxd8 ) ( 20...Nh6 $1 {[%c_effect h6;square;h6;type;GreatFind;persistent;true] Here White is lost. A possible continuation is:} 21.Nf4+ Kf5 22.Ngxe6 $5 fxe6 23.Rf8+ Ke4 $1 {[%c_effect e4;square;e4;type;GreatFind;persistent;true] The king needs to sidestep the mines.} ( 23...Kxe5 $2 24.Bb2+ Ke4 25.Rc1 $1 {[%c_effect c1;square;c1;type;GreatFind;persistent;true] with a decisive attack.} ) 24.f3+ Kd4 $1 {[%c_effect d4;square;d4;type;GreatFind;persistent;true] The king is almost completing the march across the board in search of a safe place.} ) 21.Nf4+ ( 21.fxg3 $2 Qxd8 22.Nf4+ Kf5 ) 21...Kf5 22.Nxf7 $1 {[%c_effect f7;square;f7;type;GreatFind;persistent;true] What a crazy position $1} 22...Qc3 ( 22...Qe1+ $2 {[%c_effect e1;square;e1;type;Mistake;persistent;true] gives nothing.} 23.Kg2 ) 23.Kg2 $3 {[%c_effect g2;square;g2;type;Brilliant;persistent;true] I have a peculiar taste. In the midst of so many spectacular sacrifices, for me this is the best move of the game. A delicate king move, ignoring attacked pieces.} ( 23.Rb1 {is a mundane move. According to the computer, the game can end in a draw in many ways. One of them is:} 23...Qc2 24.Ra1 Qc3 {Another really strange repetition, but there's nothing normal in this game.} ) 23...Ne4 ( 23...Qxa1 $2 24.Nd6+ Kxe5 ( 24...Kg4 25.f3+ Kxh4 26.Ng6# ) 25.Nxc4+ Kf5 26.Rf8+ Ke4 27.f3+ Kd4 28.Bb2+ {winning material.} ) ( 23...Nc6 $5 {[%c_effect c6;square;c6;type;Interesting;persistent;true] A wise man once said that one of the advantages of having a material advantage is that you can try to return some pieces at the right time.} 24.Rxa8 Nd4 {The stage is set for a perpetual check draw.} 25.Rf8 Qf3+ 26.Kh2 Qh1+ 27.Kxg3 Qf3+ 28.Kh2 Qxf2+ 29.Kh3 Qf3+ ) 24.Rf8 Kg4 $2 {[%c_effect g4;square;g4;type;Mistake;persistent;true] This move loses spectacularly.} ( 24...Qxa1 $2 25.Nd6+ Kxe5 26.Nxc4+ Kd4 27.Bb2+ Qxb2 28.Nxb2 $18 ) ( 24...Nc6 $1 {[%c_effect c6;square;c6;type;GreatFind;persistent;true] leads to a draw.} 25.Nh6+ ( 25.Rxa8 $2 Nxe5 $1 ( 25...Qxa1 {is not so clear after} 26.Rf8 $1 ) 26.Nxe5 Qxa1 ( 26...Kxe5 27.bxc4 $1 {[%c_effect c4;square;c4;type;GreatFind;persistent;true] with the clever idea:} 27...Qxa1 $2 28.Bb2+ $1 Qxb2 29.Nd3+ ) 27.Nxc4 Qxc1 28.Rf8+ Nf6 29.Nxh5 {The knights are tricky and White has drawing chances, but not more than that. Let's see a selfmate variation:} 29...Kg6 30.Ne5+ $1 ) 25...Kxe5 26.Nf7+ Kf5 ( 26...Kd4 $2 27.Be3+ $18 ) ( 26...Kf6 $2 27.Nd6+ Ke7 28.Nxe4 Qxa1 29.Ba3+ $18 ) 27.Nh6+ ) 25.Be3 {Not bad, but there's an even better solution that seems to be taken straight from a composition.} ( 25.Nh6+ $1 gxh6 26.Nd3 $3 {[%c_effect d3;square;d3;type;Brilliant;persistent;true] What a fantastic move $1 The knight gives way to the rook.} 26...Kxh4 ( 26...Qxd3 27.Rf4# ) 27.Bxh6 $1 {[%c_effect h6;square;h6;type;GreatFind;persistent;true] The only winning move $1 The bishop must go the whole way in order to remove the g5-square from the king.} 27...Qxa1 28.Rf4# ) 25...Nxf2 {A desperate attempt. to avoid the inevitable.} ( 25...Qxa1 26.Nh6+ gxh6 27.f3+ Kxh4 28.Ng6# ) 26.Nd5 $1 {[%c_effect d5;square;d5;type;GreatFind;persistent;true] Another wonderful move. Again the idea is to release the f4-square for the rook.} 26...Qxa1 ( 26...exd5 27.Nh6+ Kxh4 ( 27...gxh6 28.Rf4# ) 28.Rf4+ Kg5 ( 28...Ng4 29.Rh1+ Kg5 30.Rxg4# ) 29.Rg4# {This game has so many beautiful mating lines $1} ) 27.Nh6+ $1 Kxh4 ( 27...gxh6 28.Rf4# ) 28.Bxf2+ ( 28.Rf4+ {doesn't work now:} 28...Ng4 ) 28...Kg5 29.Be3+ Kg6 ( 29...Kh4 30.Rf4+ Kg5 31.Rg4# ) 30.Ne7+ Kh7 31.Nf7 Nc6 32.Ng5+ Kh6 33.Nf7+ Kh7 34.Ng5+ Kh6 35.Nxe6+ Kh7 36.Ng5+ Kh6 37.Nf5+ Kg6 38.Nh4+ Kh6 39.Nf7+ Kh7 40.Ng5+ Kh6 41.Rxa8 $1 {[%c_effect a8;square;a8;type;GreatFind;persistent;true] A pity there's no way to mate without taking the rook, but life isn't perfect.} 41...g6 42.Rg8 Nxe5 43.Rxg6+ $3 {[%c_effect g6;square;g6;type;Brilliant;persistent;true] A worthy coronation of the attack. Black resigned.} ( 43.Rxg6+ Nxg6 44.Nf5# ) 1-0